 Dungeon Crawl Stone Soup version 0.31-a0-1036-g31867e143a (webtiles) character file.

Game seed: 5805324758962354186

58 CoinPitGoblin the Digger (level 3, 0/19 HPs)
             Began as a Deep Elf Earth Elementalist on Nov 19, 2023.
             Slain by Terence
             ... wielding a +0 hand axe
              (9 damage)
             ... on level 2 of the Dungeon.
             The game lasted 00:05:14 (1351 turns).

CoinPitGoblin the Digger (DEEE)                     Turns: 1351, Time: 00:05:15

Health: 0/19       AC:  2    Str:  5    XL:     3   Next: 76%
Magic:  5/10       EV: 12    Int: 21    God:
Gold:   34         SH:  0    Dex: 15    Spells: 3/9 levels left

rFire   . . .        j - +0 short sword
rCold   . . .        (no shield)
rNeg    . . .        a - +0 robe
rPois   .            (no helmet)
rElec   .            (no cloak)
rCorr   .            (no gloves)
SInv    .            (no boots)
Will    .....        (no amulet)
Stlth   ++           (no ring)
HPRegen 0.23/turn    (no ring)
MPRegen 0.12/turn

%: no passive effects
@: no status effects
A: no striking features
a: no special abilities


You were on level 2 of the Dungeon.
You visited 1 branch of the dungeon, and saw 2 of its levels.

You collected 34 gold pieces.

Inventory:

Hand Weapons
 j - a +0 short sword (weapon)
Armour
 a - a +0 robe (worn)
Scrolls
 g - a scroll of identify
 k - a scroll of immolation {unknown}
Potions
 b - a potion of magic
 e - 2 potions of resistance {unknown}
 h - a potion of curing {unknown}


   Skills:
 + Level 2.6 Dodging
 - Level 2.4 Stealth
 + Level 3.8 Spellcasting
 + Level 1.1 Transmutations
 + Level 4.7 Earth Magic


You had 3 spell levels left.
You knew the following spells:

 Your Spells              Type           Power      Damage    Failure   Level
a - Stone Arrow           Conj/Erth      26%        3d8       14%         3
q - Sandblast             Erth           46%        2d11      1%          1
z - Passwall              Tmut/Erth      13%        N/A       5%          2

Your spell library contained the following spells:

 Spells                   Type           Power      Damage    Failure   Level
 Petrify                  Tmut/Erth      16%        N/A       36%         4
 Brom's Barrelling Bould  Conj/Erth      13%        2d4       43%         4
 Summon Ice Beast         Ice/Summ       4%         N/A       77%         4
 Summon Mana Viper        Hex/Summ       4%         N/A       98%         5
 Monstrous Menagerie      Summ           2%         N/A       100%        7


Dungeon Overview and Level Annotations

Branches:
Dungeon (2/15)

Altars:
Uskayaw

Annotations:
D:2 Terence


Message History

You can't see any susceptible monsters within range! (Use Z to cast anyway.)
You see here a hobgoblin corpse.
The blast of sand hits the rat!
You kill the rat!
You can't see any susceptible monsters within range! (Use Z to cast anyway.)
A kobold comes into view. It is wielding a +0 short sword.
A kobold is nearby!
A kobold is nearby!
The blast of sand hits the kobold!
You kill the kobold!
Things that are here:
a +0 short sword; 2 stones; a kobold corpse
Found a stone staircase leading down.
There is a stone staircase leading down here.
Terence the Incautious comes into view.
He is wielding a +0 hand axe and wearing a +2 chain mail of positive energy.
Terence is nearby!
Terence is nearby!
The blast of sand hits Terence but does no damage.
Terence closely misses you.
The blast of sand hits Terence but does no damage.
Terence hits you with a +0 hand axe.
The blast of sand hits Terence but does no damage.
Terence hits you with a +0 hand axe. x2
You are too injured to fight recklessly!
You are too injured to fight recklessly!
You feel much better. Terence barely misses you.
The blast of sand hits Terence but does no damage.
Terence hits you with a +0 hand axe.
The blast of sand hits Terence.
Terence is lightly wounded.
Terence misses you. Terence hits you with a +0 hand axe.
You are too injured to fight recklessly!
Aiming: Sandblast (safe; 1% risk of failure)
Press: ? - help, Q - select action, (/) - cycle Shift-Dir - straight line, f/p - Terence
Aim: Terence, wielding a +0 hand axe and wearing a +2 chain mail of positive energy (lightly wounded, 87% to hit)
The blast of sand hits Terence.
Terence is moderately wounded.
Terence hits you with a +0 hand axe!
You die...
Terence says, "That felt goooood."

###############
#...........>.#
#.###########.#
#.# #.#
##.####### #.#
..........
#.########
##.#######
#..@@....# #.#
########.# #.#
#.. #.# #.# ...


You could see Terence.

Vanquished Creatures
  An adder (D:2)
  2 dart slugs
  4 ball pythons
  3 endoplasms
  4 giant cockroaches
  6 goblins
  3 hobgoblins
  7 kobolds
  A quokka (D:1)
  3 bats (D:1)
  A frilled lizard (D:1)
  6 rats
41 creatures vanquished.

Notes
Turn   | Place    | Note
-------+----------+-------------------------------------------
     0 | D:1      | CoinPitGoblin the Deep Elf Earth Elementalist began the
                  | quest for the Orb.
     0 | D:1      | Reached XP level 1. HP: 10/10 MP: 6/6
    55 | D:1      | Reached XP level 2. HP: 14/15 MP: 0/8
   395 | D:1      | Reached skill level 4 in Earth Magic
   611 | D:1      | Reached XP level 3. HP: 19/19 MP: 7/9
   901 | D:1      | Learned a level 2 spell: Passwall
   905 | D:1      | Learned a level 3 spell: Stone Arrow
   985 | D:2      | Found a hide-covered altar of Uskayaw.
  1342 | D:2      | Noticed Terence
  1351 | D:2      | Slain by Terence

Illustrated notes

Levels and vault maps discovered:
D:1:      lightli_iron_boxes, layout_loops_ring
D:2:      layout_loops_ring, basic_altar, uniq_terence

Skill      XL: |  1  2 |
---------------+-------+-----
Earth Magic    | 4 |  4.7
Dodging        | |  2.6
Stealth        | |  2.4
Spellcasting   | |  3.8
Transmutations | |  1.1

Action                     || total
---------------------------++-------
   Cast: Sandblast         ||    50
    Use: Scroll            ||     4
         Potion            ||     1
 Armour: Robe              ||     9
  Dodge: Dodged            ||    11

Table legend: (Time is in decaauts)
 A = Elapsed time spent in this place.
 B = Non-inter-level travel time spent in this place.
 C = Inter-level travel time spent in this place.
 D = Time resting spent in this place.
 E = Time spent auto-exploring this place.
 F = Levels seen in this place.
 G = Mean time per level.
                   A        B        C        D        E       F      G
               +--------+--------+--------+--------+--------+-----+--------+
         Total |   1375 |   1310 |     65 |     64 |    994 |   2 |  687.5 |
       Dungeon |   1375 |   1310 |     65 |     64 |    994 |   2 |  687.5 |
               +--------+--------+--------+--------+--------+-----+--------+

Top non-repeatable levels by time:
     D:1: 992 daAuts
     D:2: 382 daAuts
